 Dungeon Crawl Stone Soup version 0.31-a0-799-g6bc09d010c (webtiles) character file.

Game seed: 9765807039665762486

77 cforsyth the Sneak (level 4, -2/37 HPs)
             Began as a Djinni Delver on Sept 19, 2023.
             Killed from afar by a dart slug (4 damage)
             ... with a slug dart
             ... on level 4 of the Dungeon.
             The game lasted 00:02:31 (540 turns).

cforsyth the Sneak (Djinni Delver)                   Turns: 540, Time: 00:02:31

Health: -2/37      AC:  3    Str: 11    XL:     4   Next: 60%
Gold:   30         EV: 12    Int: 13    God:
                   SH:  0    Dex: 15

rFire   + + .        a - +0 falchion
rCold   x . .        (no shield)
rNeg    . . .        b - +0 leather armour
rPois   ∞            (no helmet)
rElec   .            (no cloak)
rCorr   .            (no gloves)
SInv    .            (boots unavailable)
Will    .....        (no amulet)
Stlth   ++           (no ring)
HPRegen 0.26/turn    (no ring)
MPRegen 0.00/turn

%: infuse magic (-3 HP)
@: weak-willed, flying
A: sickness immunity, fire resistance 2, cold vulnerability 1, float, innate
caster, HP casting, extra vitality 1
a: no special abilities


You were on level 4 of the Dungeon.
You visited 1 branch of the dungeon, and saw 2 of its levels.

You collected 30 gold pieces.

Inventory:

Hand Weapons
 a - a +0 falchion (weapon)
Armour
 b - a +0 leather armour (worn)
Wands
 g - a wand of digging (3)
Scrolls
 c - a scroll of fog
 d - 2 scrolls of revelation
 h - 2 scrolls of vulnerability
 i - 2 scrolls of teleportation {unknown}
Potions
 f - a potion of haste
 j - 3 potions of might {unknown}
 k - a potion of heal wounds {unknown}
 l - a potion of enlightenment {unknown}


   Skills:
 + Level 4.1 Fighting
 - Level 1.7 Long Blades
 - Level 2.1 Dodging
 - Level 4.1 Stealth
 + Level 1.8 Spellcasting
 + Level 1.8 Conjurations
 + Level 1.8 Hexes
   Level 0.0 Charms
 + Level 1.8 Summonings
 + Level 1.8 Necromancy
 + Level 1.8 Translocations
 + Level 1.8 Transmutations
 + Level 1.8 Fire Magic
 + Level 1.8 Ice Magic
 + Level 1.8 Air Magic
 + Level 1.8 Earth Magic
 + Level 1.8 Poison Magic


You knew the following spells:

 Your Spells              Type           Power      Damage    Failure   Level
a - Shock                 Conj/Air       20%        1d4       16%         1
Your spell library was empty.

Dungeon Overview and Level Annotations

Branches:
Dungeon (5/15)
 Temple: D:4-7

Altars:

Shops:
D:5 =


Innate Abilities, Weirdness & Mutations

You are immune to sickness and miasma.
You are immune to poison.
Your flesh is very heat resistant. (rF++)
You are vulnerable to cold. (rC-)
You float through the air rather than walking.
You learn spells naturally, not from books.
Your magical power is your life essence.
You have superior vitality. (+4 MHP)


Message History

* * * LOW HITPOINT WARNING * * *
An orc wizard appears from thin air!
Reactivating autopickup.
There is a stone staircase leading up here.
You fly upwards.
You hear the sound of rushing water.
There is an entrance to a sewer on this level.
Hurry and find it before the portal rusts away!
There is a stone staircase leading down here.
A goblin comes into view. It is wielding a +0 dagger.
The goblin shouts!
A ball python comes into view.
There is a stone staircase leading down here.
Unknown command.
The goblin closely misses you.
Unknown command.
You closely miss the goblin. The goblin barely misses you.
The goblin closely misses you.
You closely miss the goblin. The goblin hits you with a +0 dagger.
* * * LOW HITPOINT WARNING * * *
You closely miss the goblin. The goblin hits you with a +0 dagger.
* * * LOW HITPOINT WARNING * * *
You closely miss the goblin. The goblin barely misses you.
The dart slug launches a dart at you. The slug dart hits you.
* * * LOW HITPOINT WARNING * * *
You hit the dart slug.
The dart slug is heavily wounded.
The goblin hits you with a +0 dagger.
* * * LOW HITPOINT WARNING * * *
The goblin barely misses you.
The dart slug bites you but does no damage.
The goblin hits you but does no damage. The dart slug bites you.
* * * LOW HITPOINT WARNING * * *
The goblin attacks as it pursues you! The goblin barely misses you.
As you read the scroll labelled RES LAYKHLA KIB, it crumbles to dust.
Magic quickly surges around you.
It was a scroll of vulnerability.
The dart slug launches a dart at you. The slug dart hits you.
You die...

.. ≈≈
≈###≈########
~≈≈≈~..>....#
~≈#≈≈...w@..#
#≈≈...g...#
#≈~.......#
≈≈≈~.......#
~###~.......#
~≈≈.......#
.......#..##
......###..
..... ...


You could see a dart slug (weak-willed) and a goblin (weak-willed).

Vanquished Creatures
  2 iguanas (D:5)
  An orc wizard (D:5)
  An adder (D:5)
  2 orcs (D:5)
  A quokka (D:5)
7 creatures vanquished.

Notes
Turn   | Place    | Note
-------+----------+-------------------------------------------
     0 | D:5      | cforsyth the Djinni Delver began the quest for the Orb.
     0 | D:5      | Reached XP level 1. HP: 20/20 MP: 0/0
    56 | D:5      | Found Luogrow's Jewellery Shop.
   250 | D:5      | Noticed an iguana
   280 | D:5      | Killed an iguana
   281 | D:5      | Reached skill level 1 in Spellcasting
   281 | D:5      | Reached skill level 1 in Conjurations
   281 | D:5      | Reached skill level 1 in Hexes
   281 | D:5      | Reached skill level 1 in Summonings
   281 | D:5      | Reached skill level 1 in Necromancy
   281 | D:5      | Reached skill level 1 in Translocations
   281 | D:5      | Reached skill level 1 in Transmutations
   281 | D:5      | Reached skill level 1 in Fire Magic
   281 | D:5      | Reached skill level 1 in Ice Magic
   281 | D:5      | Reached skill level 1 in Air Magic
   281 | D:5      | Reached skill level 1 in Earth Magic
   281 | D:5      | Reached skill level 1 in Poison Magic
   281 | D:5      | Reached XP level 2. HP: 9/25 MP: 0/0
   281 | D:5      | Reached XP level 3. HP: 11/30 MP: 0/0
   281 | D:5      | Learned a level 1 spell: Shock
   381 | D:5      | Reached XP level 4. HP: 14/37 MP: 0/0
   540 | D:4      | Killed from afar by a dart slug

Illustrated notes

Levels and vault maps discovered:
D:4:      minmay_spotlight, layout_rooms, portal_sewer_entry_d, st_stairs_9,
          kennysheep_path_1, minmay_crystal_water, grunt_ministairs_8, uniq_ijyb
D:5:      layout_loops_corners, serial_shops, nicolae_shop_advertising_works
          [nicolae_subvault_shop_adworks], uniq_blork_the_orc

Skill      XL: |  1  2  3  4 |
---------------+-------------+-----
Spellcasting   | 1 |  1.8
Conjurations   | 1 |  1.8
Hexes          | 1 |  1.8
Summonings     | 1 |  1.8
Necromancy     | 1 |  1.8
Translocations | 1 |  1.8
Transmutations | 1 |  1.8
Fire Magic     | 1 |  1.8
Ice Magic      | 1 |  1.8
Air Magic      | 1 |  1.8
Earth Magic    | 1 |  1.8
Poison Magic   | 1 |  1.8
Fighting       | 4 |  4.1
Long Blades    | |  1.7
Dodging        | |  2.1
Stealth        | |  4.1

Action                     |  1- 3 |  4- 6 || total
---------------------------+-------+-------++-------
  Melee: Falchion          |    21 |    20 ||    41
  Evoke: Wand              |     3 |     1 ||     4
    Use: Scroll            |     1 |     1 ||     2
 Armour: Leather armour    |    16 |    26 ||    42
  Dodge: Dodged            |     8 |    11 ||    19

Table legend: (Time is in decaauts)
 A = Elapsed time spent in this place.
 B = Non-inter-level travel time spent in this place.
 C = Inter-level travel time spent in this place.
 D = Time resting spent in this place.
 E = Time spent auto-exploring this place.
 F = Levels seen in this place.
 G = Mean time per level.
                   A        B        C        D        E       F      G
               +--------+--------+--------+--------+--------+-----+--------+
         Total |    548 |    548 |      0 |     76 |    335 |   2 |  274.0 |
       Dungeon |    548 |    548 |      0 |     76 |    335 |   2 |  274.0 |
               +--------+--------+--------+--------+--------+-----+--------+

Top non-repeatable levels by time:
     D:5: 528 daAuts
     D:4: 19 daAuts
